Map: Orbital Shipyard

Players

ComoN

  • Race: Zerg Zerg
  • League: Silver

lesha - Winner!

  • Race: Terran Terran
  • League: Silver

VOD

Have the link to the VOD?

Description

Time

  • Played on: Dec. 19, 2015, 9:05 a.m.
  • Length: 15:32
Show
View Real Time Build Order
Export as new Build Order

ComoN Zerg 

Build Orders: Hatch First, Muta Ling Bane 

Get SALT Encoding   

  12  0:01  Drone  
  13  0:08  Drone  
  14  0:15  Extractor  
  14  0:16  Drone  
  15  0:22  Overlord  
  15  0:41  Drone  
  15  0:42  Drone  
  17  0:54  Hatchery  
  17  0:55  Drone  
  17  1:10  Spawning Pool  
  16  1:13  Drone  
  16  1:17  Extractor  
  16  1:18  Drone  
  17  1:22  Drone  
  18  1:28  Drone  
  19  1:39  Drone  
  20  1:49  Overlord  
  20  1:57  Queen  
  22  2:07  Queen  
  22  2:08  Drone  
  25  2:09  Zergling x2  
  26  2:15  Zergling x2  
  26  2:21  Metabolic Boost  
  27  2:24  Zergling x2  
  28  2:55  Drone  
  28  2:56  Drone x2  
  31  3:05  Lair  
  31  3:11  Drone, Extractor  
  31  3:13  Overlord  
  31  3:14  Drone x2  
  33  3:35  Drone x2  
  33  3:36  Overlord  
  33  3:39  Drone x2  
  33  3:40  Drone x2  
  39  3:58  Extractor x2  
  39  4:02  Drone  
  38  4:03  Roach Warren  
  34  4:29  Burrow  
  34  4:30  Queen  
  36  4:36  Drone  
  36  4:37  Drone x6  
  36  4:38  Drone x4  
  46  4:39  Drone  
  46  4:41  Hatchery  
  47  4:46  Overseer  
  47  4:49  Overlord x2  
  47  4:53  Glial Reconstitution  
  47  5:04  Drone x2  
  49  5:07  Overlord x4  
  49  5:22  Overlord  
  49  5:26  Queen  
  51  5:37  Roach x4  
  51  5:38  Roach x4  
  67  6:00  Drone  
  67  6:02  Drone x3  
  67  6:03  Drone x3  
  74  6:26  Extractor  
  74  6:28  Drone x3  
  74  6:30  Overlord x5, Extractor  
  74  6:31  Roach x2  
  74  6:32  Roach  
  81  6:33  Ravager x7  
  81  6:34  Ravager  
  89  6:53  Roach x2  
  89  6:54  Roach x6  
  99  6:55  Roach x4  
  113  7:11  Spire  
  113  7:12  Spore Crawler  
  111  7:16  Spine Crawler, Tunneling Claws  
  110  7:38  Spore Crawler  
  110  7:40  Spine Crawler, Zergling x12  
  110  7:41  Zergling x2  
  115  7:48  Baneling Nest  
  115  7:51  Hatchery  
  84  8:23  Roach x6  
  82  8:34  Roach  
  82  8:35  Roach  
  59  9:13  Centrifical Hooks  
  59  9:15  Evolution Chamber  
  59  9:16  Evolution Chamber  
  57  9:21  Drone x2  
  57  9:22  Mutalisk x2  
  57  9:23  Mutalisk x6  
  57  9:24  Mutalisk x6  
  75  9:25  Mutalisk x2  
  75  9:26  Zergling x6  
  75  9:27  Zergling x12  
  100  9:35  Baneling x3  
  100  9:36  Baneling  
  100  9:41  Extractor  
  100  9:42  Extractor  
  98  9:46  Baneling x6  
  98  9:47  Baneling x3  
  98  9:52  Zerg Flyer Weapons Level 1  
  97  10:25  Drone x3  
  97  10:27  Spine Crawler  
  99  10:42  Overlord x2  
  99  10:43  Overlord  
  95  11:11  Zergling x12  
  93  11:12  Zergling x6  
  93  11:14  Baneling x3  
  93  11:15  Baneling x5  
  90  11:22  Baneling x3  
  77  11:43  Mutalisk x2  
  77  11:45  Baneling x2  
  77  11:46  Baneling x5  
  59  12:00  Drone x3  
  62  12:10  Infestation Pit  
  61  12:34  Zergling x14  
  61  12:35  Zergling x14  
  61  12:36  Zergling x10  
  72  12:56  Baneling x3  
  72  12:57  Baneling x2  
  67  13:00  Baneling x2  
  67  13:01  Baneling x2  
  67  13:02  Baneling x7  
  67  13:03  Baneling x3  
  66  13:05  Zergling x2  
  66  13:06  Zergling x12  
  46  13:33  Drone x2  
  46  13:34  Drone  
  44  13:40  Zergling x10  
  43  13:49  Zergling x8  
  43  13:50  Zergling x8  
  51  14:01  Baneling x5  
  51  14:02  Baneling x4  
  31  14:31  Spawning Pool  
Show
View Real Time Build Order
Export as new Build Order

lesha Terran - Winner!

Build Orders: Reaper Expand, MMM Bio 

Get SALT Encoding   

  12  0:02  SCV  
  13  0:14  SCV  
  13  0:19  Supply Depot  
  14  0:26  SCV  
  15  0:40  SCV  
  15  0:42  Barracks  
  16  0:50  Refinery  
  16  0:53  SCV  
  17  1:05  SCV  
  18  1:17  SCV  
  19  1:36  Command Center  
  19  1:38  Reaper  
  20  1:41  Orbital Command  
  20  1:47  Refinery  
  20  1:59  Supply Depot  
  20  2:10  SCV  
  20  2:15  Marine  
  21  2:22  SCV  
  23  2:34  SCV  
  23  2:35  Factory  
  24  2:49  SCV x2  
  26  3:01  SCV  
  26  3:05  Marine  
  28  3:07  Bunker  
  28  3:17  SCV  
  28  3:19  Orbital Command  
  29  3:22  Marine  
  30  3:27  Starport  
  30  3:28  Factory Tech Lab  
  30  3:29  SCV  
  30  3:42  SCV  
  31  3:49  SCV, Supply Depot  
  31  3:50  Supply Depot  
  31  3:54  SCV  
  33  4:01  SCV  
  33  4:02  Barracks  
  34  4:04  Barracks  
  34  4:06  SCV  
  35  4:21  Marine  
  35  4:23  Siege Tank  
  38  4:34  Starport Reactor  
  38  4:37  Command Center, SCV x2  
  40  4:38  Marine  
  41  4:55  SCV x2, Siege Tank  
  41  4:56  Marine  
  47  5:07  SCV x2  
  47  5:10  Barracks Tech Lab  
  47  5:12  Barracks Reactor  
  49  5:14  Medivac x2  
  49  5:16  Marine  
  49  5:19  SCV x2  
  56  5:27  Siege Tank  
  59  5:32  Engineering Bay  
  59  5:34  SCV x2, Marine  
  62  5:35  Supply Depot, Engineering Bay  
  62  5:36  Supply Depot  
  62  5:39  Supply Depot  
  62  5:40  Refinery  
  62  5:42  Refinery  
  62  5:49  SCV  
  63  5:56  Bunker  
  63  6:02  Barracks  
  63  6:03  SCV x2, Barracks x2  
  66  6:06  Orbital Command  
  66  6:10  Stimpack  
  65  6:12  Terran Infantry Weapons Level 1  
  65  6:15  SCV  
  65  6:16  Reaper  
  65  6:18  Terran Infantry Armor Level 1  
  67  6:19  Marine x2  
  67  6:22  Marauder  
  71  6:31  SCV x2  
  73  6:34  SCV  
  74  6:43  SCV x2  
  74  6:46  SCV  
  77  7:05  SCV  
  77  7:06  SCV x2  
  80  7:10  Marine x2  
  80  7:11  Barracks Reactor x3  
  80  7:13  Marine  
  80  7:14  Medivac x2  
  88  7:17  SCV  
  88  7:18  SCV x2  
  91  7:28  Marine x2  
  92  7:31  Barracks Reactor, Marauder  
  93  7:41  SCV x2  
  93  7:42  SCV  
  96  7:45  Medivac  
  96  7:46  Medivac  
  100  7:53  SCV  
  100  7:55  SCV x2  
  100  7:58  Starport  
  85  8:11  Marine x4  
  85  8:12  Marine x7  
  78  8:29  Marine x4  
  75  8:45  Marine x4  
  75  8:46  Orbital Command, Marine x3  
  75  8:47  Medivac x2  
  85  9:04  Marauder  
  87  9:13  Marine x2, Starport Tech Lab  
  87  9:14  Marine x7  
  87  9:15  Marine  
  97  9:17  Medivac x2  
  101  9:24  Armory  
  101  9:33  Supply Depot, Refinery  
  101  9:34  Supply Depot  
  101  9:36  Refinery  
  101  9:37  Supply Depot x2  
  101  9:43  Combat Shields  
  101  9:54  Medivac, Marine x6  
  101  9:55  Marine x4  
  101  9:56  Supply Depot, Marauder  
  101  9:57  Supply Depot  
  101  9:58  Supply Depot  
  115  10:11  Command Center  
  115  10:12  Marine x4  
  115  10:13  Marine x3  
  122  10:16  SCV x3  
  122  10:17  Marauder  
  122  10:19  Marine x3  
  122  10:21  Medivac  
  132  10:24  Medivac  
  135  10:28  SCV x3  
  135  10:30  Marine x4  
  135  10:31  Marine x2  
  135  10:33  Marine  
  144  10:36  Marine  
  144  10:37  Marine x2  
  144  10:38  Marine  
  135  10:47  Marine x2  
  132  10:51  Medivac  
  132  10:56  Marauder  
  133  10:58  Marine  
  133  10:59  Marine x7  
  141  11:05  Marine x2  
  138  11:18  Marauder  
  127  11:24  Marine x2  
  127  11:25  Marine x7  
  120  11:26  Marine  
  120  11:28  Medivac  
  120  11:39  Marauder  
  107  11:42  Marine x3  
  107  11:43  Marine  
  110  11:53  SCV x2  
  112  12:00  Marauder  
  112  12:01  Marine  
  112  12:05  SCV x2  
  115  12:22  Marauder  
  117  12:26  Marine x4  
  117  12:27  Marine x6  
  127  12:43  Marauder  
  94  13:25  Marine x2  
  94  13:26  Marine x7  
  94  13:27  Marine x2  
  97  13:43  Marine x3  
  97  13:44  Marine x7  
  97  13:45  Marine  
  108  14:01  Marine x4  
  108  14:02  Marine x2  
  107  14:29  Marine x4  
Tags
 
Add a new tag
Caveats
  • Supply blocks, unpowered buildings, or Contaminate may cause inaccurate times.
  • Supply counts are checked every 10 seconds.